 Dungeon Crawl Stone Soup version 0.30-a0-881-g1ff12e1e11 (webtiles) character file.

Game seed: 17573550454757465098

167 ooooo the Conjurer (level 5, 31/35 HPs)
             Began as a Demonspawn Conjurer on Mar 15, 2023.
             Quit the game on level 3 of the Dungeon.
             The game lasted 00:05:14 (2264 turns).

ooooo the Conjurer (Demonspawn Conjurer)            Turns: 2264, Time: 00:05:14

Health: 31/35      AC:  6    Str:  7    XL:     5   Next: 23%
Magic:  2/8        EV: 11    Int: 21    God:
Gold:   151        SH:  8    Dex: 12    Spells: 5/8 levels left

rFire   . . .      SeeInvis .    d - +0 dagger
rCold   . . .      Faith    .    (no shield)
rNeg    . . .      Spirit   .    r - +3 leather armour "Luextat" {rElec}
rPois   .          Reflect  .    (helmet restricted)
rElec   +          Rampage  .    (no cloak)
rCorr   +                        (no gloves)
Will    .....                    (no boots)
Stlth   ++                       m - amulet of magic regeneration
HPRegen 0.25/turn                p - ring of resist corrosion
MPRegen 0.51/turn                (no ring)

@: no status effects
A: horns 1, large bone plates 1, powered by death 1, condensation shield
a: no special abilities


You were on level 3 of the Dungeon.
You visited 1 branch of the dungeon, and saw 3 of its levels.

You collected 151 gold pieces.

Inventory:

Hand Weapons
 d - a +0 dagger (weapon)
Missiles
 q - 6 silver javelins
Armour
 a - a +0 leather armour
 r - the +3 leather armour "Luextat" (worn) {rElec}
   (You found it on level 2 of the Dungeon)

   rElec:     It insulates you from electricity.
Jewellery
 m - an amulet of magic regeneration (around neck)
 p - a ring of resist corrosion (left hand)
Wands
 o - a wand of iceblast (12)
Scrolls
 c - a scroll of acquirement {unknown}
 h - 2 scrolls of identify {unknown}
 i - a scroll of vulnerability {unknown}
 j - 3 scrolls of fog {unknown}
 n - a scroll of blinking {unknown}
Potions
 b - 3 potions of magic
 e - a potion of haste {unknown}
 f - 2 potions of mutation {unknown}
 g - a potion of heal wounds {unknown}
 k - a potion of attraction {unknown}
 l - 2 potions of curing {unknown}


   Skills:
 - Level 1.7 Dodging
 - Level 1.7 Stealth
 - Level 2.0 Spellcasting
 + Level 6.6 Conjurations


You had 5 spell levels left.
You knew the following spells:

 Your Spells              Type           Power      Damage    Failure   Level
a - Searing Ray           Conj           58%        2d6       2%          2
b - Magic Dart            Conj           100%       1d8       1%          1

Your spell library contained the following spells:

 Spells                   Type           Power      Damage    Failure   Level
 Dazzling Flash           Conj/Hex       30%        N/A       17%         3
 Fulminant Prism          Conj/Hex       7%         3d6       50%         4
 Iskenderun's Mystic Bla  Conj/Tloc      15%        2d5       50%         4
 Gell's Gravitas          Tloc           2%         N/A       54%         3
 Summon Guardian Golem    Hex/Summ       2%         N/A       54%         3
 Teleport Other           Tloc           2%         N/A       54%         3
 Dispersal                Tloc           1%         N/A       100%        6
 Orb of Destruction       Conj           14%        9d7       100%        7
 Spellforged Servitor     Conj/Summ      7%         N/A       100%        7


Dungeon Overview and Level Annotations

Branches:
Dungeon (3/15) Zot: 15737

Altars:

Annotations:
D:3 3 runed translucent doors, AverageBear's ghost, weakling OpFi


Innate Abilities, Weirdness & Mutations

You have a pair of small horns on your head.
You are partially covered in large bone plates. (SH +4)
You regenerate a little health from kills.
A meltable shield of frost defends you. (SH +4)


Message History

The bullfrog gives a loud, deep croak!
The bullfrog barely misses you. You block the bullfrog's attack.
You hit the bullfrog.
The bullfrog is lightly wounded.
The bullfrog hits you but does no damage.
Casting: Searing Ray (safe; 2% risk of failure)
Confirm with . or Enter, or press ? or * to list all spells.
Aiming: Searing Ray (safe; 2% risk of failure)
Press: ? - help, Shift-Dir - straight line, f - bullfrog
Aim: a bullfrog (lightly wounded, 74% to hit)
The searing ray hits the bullfrog.
The bullfrog is moderately wounded. (Press . to maintain the ray.)
The bullfrog closely misses you.
The bullfrog hits you but does no damage.
The searing ray hits the bullfrog!
The bullfrog is heavily wounded.
You block the bullfrog's attack.
Unknown command.
The searing ray hits the bullfrog.
The bullfrog is severely wounded.
The bullfrog hits you. The bullfrog completely misses you.
Unknown command.
The searing ray hits the bullfrog.
The bullfrog is almost dead.
You finish channelling your searing ray.
The bullfrog barely misses you.
Unknown command.
Casting: Searing Ray (safe; 2% risk of failure)
Confirm with . or Enter, or press ? or * to list all spells.
Aiming: Searing Ray (safe; 2% risk of failure)
Press: ? - help, Shift-Dir - straight line, f/p - bullfrog
Aim: a bullfrog (almost dead, 74% to hit)
The searing ray hits the bullfrog!
You kill the bullfrog! (Press . to maintain the ray.)
You have reached level 5!
Your demonic ancestry asserts itself...
A pair of horns grows on your head!
Are you sure you want to abandon this character and quit the game? (Confirm with "yes".)

####.#### #.# ## #.#
.. ##'## # #.
##...## #. #.
##.)...## #..##.# ##
#.......###......#.#
.........##.#...#.#
.........+......@.#
.........##.#...#.#
#.......###..:..#.#
##.....## #######.#
##...## #.# ##'##
###.# #.# #..># #.#
### #.### ##.###.##
#.#


There were no monsters in sight!

Vanquished Creatures
  A bullfrog (D:3)
  An orc wizard (D:3)
  A gnoll (D:1)
  2 adders (D:2)
  3 orcs (D:3)
  4 ball pythons
  3 endoplasms
  A giant cockroach (D:1)
  4 goblins
  8 hobgoblins
  2 quokkas (D:2)
  A bat (D:1)
  3 frilled lizards
  7 kobolds
  4 rats
45 creatures vanquished.

Notes
Turn   | Place    | Note
-------+----------+-------------------------------------------
     0 | D:1      | ooooo the Demonspawn Conjurer began the quest for the Orb.
     0 | D:1      | Reached XP level 1. HP: 13/13 MP: 3/3
   114 | D:1      | Found a faded altar of an unknown god.
   436 | D:1      | Gained mutation: You are partially covered in large bone
                  | plates. (SH +4) [demonic ancestry]
   436 | D:1      | Reached XP level 2. HP: 19/19 MP: 0/5
   874 | D:1      | Learned a level 2 spell: Searing Ray
   888 | D:1      | Reached skill level 5 in Conjurations
   934 | D:1      | Gained mutation: A meltable shield of frost defends you.
                  | (SH +4) [demonic ancestry]
   934 | D:1      | Reached XP level 3. HP: 24/24 MP: 6/6
  1702 | D:2      | Identified the +3 leather armour "Luextat" {rElec}
  1901 | D:3      | Found a runed translucent gate.
  1901 | D:3      | Found a runed translucent gate.
  1902 | D:3      | Found a runed translucent gate.
  1922 | D:3      | Gained mutation: You regenerate a little health from kills.
                  | [demonic ancestry]
  1922 | D:3      | Reached XP level 4. HP: 12/30 MP: 2/7
  2011 | D:3      | Noticed AverageBear's ghost (weakling OpFi)
  2173 | D:3      | Reached skill level 6 in Conjurations
  2256 | D:3      | Noticed a bullfrog
  2263 | D:3      | Killed a bullfrog
  2264 | D:3      | Gained mutation: You have a pair of small horns on your
                  | head. [demonic ancestry]
  2264 | D:3      | Reached XP level 5. HP: 31/35 MP: 2/8
  2264 | D:3      | Quit the game

Illustrated notes

Levels and vault maps discovered:
D:1:      shiori_arrival_maze, layout_basic, nicolae_ecumenical_snake_handling
D:2:      layout_rooms
D:3:      layout_loops_corners, mainiacjoe_overflow_six_doors_small,
          gammafunk_ghost_necromancy

Skill      XL: |  1  2  3  4 |
---------------+-------------+-----
Conjurations   | 5 6 |  6.6
Dodging        | |  1.7
Stealth        | |  1.7
Spellcasting   | |  2.0

Action                     |  1- 3 |  4- 6 || total
---------------------------+-------+-------++-------
  Melee: Unarmed           |    25 |       ||    25
         Dagger            |    40 |    21 ||    61
         Punch             |     1 |       ||     1
   Cast: Magic Dart        |    29 |       ||    29
         Searing Ray       |    15 |     5 ||    20
   Stab: Sleeping          |     2 |       ||     2
 Armour: Robe              |    17 |       ||    17
         Leather armour    |     5 |     3 ||     8
  Dodge: Dodged            |    53 |     9 ||    62
  Block: Other             |    20 |     9 ||    29

Table legend: (Time is in decaauts)
 A = Elapsed time spent in this place.
 B = Non-inter-level travel time spent in this place.
 C = Inter-level travel time spent in this place.
 D = Time resting spent in this place.
 E = Time spent auto-exploring this place.
 F = Levels seen in this place.
 G = Mean time per level.
                   A        B        C        D        E       F      G
               +--------+--------+--------+--------+--------+-----+--------+
         Total |   2262 |   2203 |     59 |    240 |   1560 |   3 |  754.0 |
       Dungeon |   2262 |   2203 |     59 |    240 |   1560 |   3 |  754.0 |
               +--------+--------+--------+--------+--------+-----+--------+

Top non-repeatable levels by time:
     D:1: 1298 daAuts
     D:2: 552 daAuts
     D:3: 411 daAuts
